 Dungeon Crawl Stone Soup version 0.29.0-4-gdea44cf6ec (webtiles) character file.

Game seed: 13536254064372305109

28 qw the Chopper (level 3, 0/21 HPs)
             Began as a Tengu Warper on Aug 28, 2022.
             Slain by Terence
             ... wielding a +0 hand axe
              (8 damage)
             ... on level 2 of the Dungeon.
             The game lasted 00:00:06 (1683 turns).

qw the Chopper (Tengu Warper)                       Turns: 1683, Time: 00:00:07

Health: 0/21       AC:  5    Str: 13    XL:     3   Next: 14%
Magic:  7/7        EV: 11    Int: 13    God:
Gold:   124        SH:  0    Dex: 13    Spells: 6/6 levels left

rFire   . . .      SeeInvis .   Y - +0 hand axe
rCold   . . .      Faith    .   (no shield)
rNeg    . . .      Spirit   .   h - +0 ring mail
rPois   +          Reflect  .   (helmet restricted)
rElec   .          Harm     .   (no cloak)
rCorr   .          Rampage  .   (no gloves)
Will    .....                   (boots unavailable)
Stlth   +.........              (no amulet)
HPRegen 0.07/turn               e - ring of poison resistance
MPRegen 0.10/turn               (no ring)

@: no status effects
A: beak, talons 3
a: no special abilities


You were on level 2 of the Dungeon.
You visited 1 branch of the dungeon, and saw 2 of its levels.

You collected 124 gold pieces.


Innate Abilities, Weirdness & Mutations

You have a beak for a mouth.
You have claws for feet.


   Skills:
 - Level 2.0 Fighting
 + Level 3.9 Axes
 - Level 1.0 Throwing
 - Level 1.1 Armour
 - Level 2.1 Dodging
 - Level 2.0 Spellcasting
 - Level 2.4 Translocations


You had 6 spell levels left.
You didn't know any spells.
Your spell library contained the following spells:

 Spells                   Type           Power      Damage    Failure   Level
 Blink                    Tloc           14%        N/A       30%         2
 Gell's Gravitas          Tloc           7%         N/A       52%         3
 Lesser Beckoning         Tloc           7%         N/A       52%         3
 Teleport Other           Tloc           7%         N/A       52%         3
 Manifold Assault         Tloc           7%         N/A       99%         5

Inventory:

Hand Weapons
 k - a +0 club
 Y - a +0 hand axe (weapon)
Armour
 a - the +4 ring mail of Oneick {rPois rN+}
   (You found it on level 2 of the Dungeon)

   rPois:     It protects you from poison.
   rN:        It protects you from negative energy.
 h - a +0 ring mail (worn)
Jewellery
 e - a ring of poison resistance (left hand)
Potions
 i - a potion of curing

Dungeon Overview and Level Annotations

Branches:
Dungeon (2/15)

Altars:

Annotations:
D:2 Terence


Message History

Your peck misses the frilled lizard.
The frilled lizard bites you but does no damage.
You miss the frilled lizard. Your peck misses the frilled lizard.
The frilled lizard bites you.
You closely miss the frilled lizard. You peck the frilled lizard.
You kill the frilled lizard!
You start resting.
HP restored.
You see here a frilled lizard corpse.
You now have 124 gold pieces (gained 7).
Terence the Incautious comes into view.
He is wielding a +0 hand axe.
Terence shouts!
Enter note:
Found a sedimented coppery potion.
You barely miss Terence. Your kick misses Terence.
Terence hits you but does no damage.
You hit Terence but do no damage. You claw Terence, but do no damage.
Terence hits you with a +0 hand axe!
You hit Terence. Your kick misses Terence.
Terence is lightly wounded.
Terence hits you but does no damage. Terence hits you with a +0 hand axe.
You hit Terence but do no damage. You peck Terence, but do no damage.
Terence is lightly wounded.
Terence misses you.
You closely miss Terence. You claw Terence. Your peck misses Terence.
Terence is lightly wounded.
Terence closely misses you.
You hit Terence but do no damage. Your kick misses Terence.
Terence is lightly wounded.
Terence hits you but does no damage.
You barely miss Terence. You peck Terence, but do no damage.
Terence is lightly wounded.
Terence hits you with a +0 hand axe.
You hit Terence but do no damage. You peck Terence.
Terence is moderately wounded.
Terence hits you with a +0 hand axe.
You hit Terence but do no damage.
Terence is moderately wounded.
Terence hits you with a +0 hand axe!
You die...

#..........# #.###
#######....# #.###
#....# #.... #....#
#.... #.######.... #
#...........
###.###############.....
........................
#......@..#######%......
#.....@##.## ##..#.....
#...... #..####..##.....
#...... ##......###.....
#...... #......# #.....
#......#...>....# #.....
#..!...#.#......# ##....
#......#.#......# #....
# #......#


You could see Terence.

Vanquished Creatures
  A worm (D:2)
  A dart slug (D:1)
  2 ball pythons (D:1)
  3 endoplasms
  A giant cockroach (D:1)
  A hobgoblin (D:1)
  3 quokkas
  4 bats (D:1)
  2 frilled lizards
  A goblin (D:1)
  4 rats (D:1)
23 creatures vanquished.

Vanquished Creatures (others)
  10 demonic plants (D:1)
  2 fungi (D:1)
  A plant (D:1)
  6 withered plants (D:1)
19 creatures vanquished.

Grand Total: 42 creatures vanquished

Notes
Turn   | Place    | Note
-------+----------+-------------------------------------------
     0 | D:1      | qw the Tengu Warper began the quest for the Orb.
     0 | D:1      | Reached XP level 1. HP: 12/12 MP: 4/4
     0 | D:1      | 0 ||| qw: Version: 0.1-a-89-g26bdef1
     0 | D:1      | 0 ||| qw: Game counter: 293
     0 | D:1      | 0 ||| qw: Always use a shield: true
     0 | D:1      | 0 ||| qw: God list: Okawaru
     0 | D:1      | 0 ||| qw: Allow faded altars: false
     0 | D:1      | 0 ||| qw: Do Orc after D:15 true
     0 | D:1      | 0 ||| qw: Do second Lair branch before Depths: true
     0 | D:1      | 0 ||| qw: Lair rune preference: random
     0 | D:1      | 0 ||| qw: Plans: Normal
     0 | D:1      | 0 ||| PLANNING D:1-11
   238 | D:1      | Reached skill level 3 in Axes
   238 | D:1      | Reached XP level 2. HP: 16/17 MP: 6/6
   349 | D:1      | Found a faded altar of an unknown god.
  1285 | D:1      | 1285 ||| UPGRADING to +0 ring mail.
  1295 | D:1      | 1295 ||| DROPPING +0 leather armour.
  1296 | D:1      | 1296 ||| UPGRADING to ring of poison resistance.
  1297 | D:1      | 1297 ||| READING scroll labelled QOM XEAS OLI.
  1298 | D:1      | 1298 ||| READING scroll labelled YQAOHOCURU.
  1299 | D:1      | 1299 ||| READING scroll labelled WAXA EMOOCEZAG.
  1300 | D:1      | 1300 ||| READING scroll labelled VESITZA PETUFO.
  1425 | D:1      | 1425 ||| DRINKING 2 silvery potions.
  1426 | D:1      | 1426 ||| DROPPING scroll of blinking.
  1534 | D:2      | Reached XP level 3. HP: 21/21 MP: 7/7
  1626 | D:2      | Identified the +4 ring mail of Oneick {rPois rN+}
  1669 | D:2      | Noticed Terence
  1683 | D:2      | Slain by Terence

Levels and vault maps discovered:
D:1:      erik_arrival_orb_chamber, layout_basic, shapermc_ecumenical_altar_gd
D:2:      layout_basic, uniq_terence, uniq_robin

Skill      XL: |  1 |
---------------+----+-----
Axes           | 3 |  3.9
Fighting       | |  2.0
Throwing       | |  1.0
Armour         | |  1.1
Dodging        | |  2.1
Spellcasting   | |  2.0
Translocations | |  2.4

Action                   || total
-------------------------++-------
Melee: Hand axe          ||    61
       Kick              ||    11
       Punch             ||     2
       Peck              ||    10
Throw: Boomerang         ||     7
  Use: Scroll            ||     4
       Potion            ||     1
Armor: Leather armour    ||     7
       Ring mail         ||     6
Dodge: Dodged            ||    27

Table legend:
 A = Non-vault XP
 B = Vault XP
 C = Vault XP percentage of total XP
 D = Non-vault monster count
 E = Vault monster count
 F = Vault count percentage of total count
                 A         B        C        D         E       F
            +---------+---------+-------+---------+---------+-------
      Total |      41 |       0 |   0.0 |      23 |       0 |   0.0
            +---------+---------+-------+---------+---------+-------
        D:1 |      29 |       0 |   0.0 |      18 |       0 |   0.0
        D:2 |      12 |       0 |   0.0 |       5 |       0 |   0.0
            +---------+---------+-------+---------+---------+-------
